 Dungeon Sprint DCSS version 0.28-a0-819-g6ef7baa362 (webtiles) character file.

Game seed: 11536916993100087871

77191 mhtbhm the Slayer (level 15, -15/169 HPs)
             Began as a Minotaur Fighter on Nov 8, 2021.
             Was the Champion of Okawaru.
             Demolished by Jory (28 damage)
             ... in the Dungeon (Sprint IX: "|||||||||||||||||||||||||||||") on Nov 9, 2021.
             The game lasted 00:14:01 (4598 turns).

mhtbhm the Slayer (Minotaur Fighter)                Turns: 4598, Time: 00:14:02

Health: -15/169    AC: 23    Str: 35    XL:     15   Next: 14%
Magic:  27/27      EV: 20    Int:  9    God:    Okawaru [******]
Gold:   50         SH: 12    Dex: 12    Spells: 14/14 levels left

rFire   + + +      SeeInvis .   a - +7 morningstar of a Gauntlet {venom, rF++ Int+4}
rCold   + . .      Faith    .   E - +2 buckler {rC+}
rNeg    . . .      Spirit   .   b - +4 ring mail of Divine Intervention {rPois Str+4}
rPois   +          Reflect  .   y - +1 hat
rElec   .          Harm     .   D - +1 cloak
rCorr   .          Rampage  .   u - +0 pair of gloves
Will    ++...      Rage     1%  m - +1 pair of boots of Okawaru's Regard {Will+}
Stlth   +++....... NoTele   +   w - amulet of regeneration
HPRegen 1.38/turn               B - ring of protection from fire
MPRegen 0.20/turn               x - +6 ring of strength

@: heroic
A: horns 2, retaliatory headbutt, berserk 1
a: Renounce Religion, Heroism, Finesse


You were in the Dungeon.
You worshipped Okawaru.
Okawaru was exalted by your worship.
You visited 1 branch You collected 1939 gold pieces.
You spent 1889 gold pieces at shops.

Inventory:

Hand Weapons
 a - the +7 morningstar of a Gauntlet (weapon) {venom, rF++ Int+4}
   (Okawaru gifted it to you in the Dungeon)

   It poisons the flesh of those it strikes.
   Int:       It affects your intelligence (+4).
   rF:        It greatly protects you from fire.
 i - a +4 morningstar of holy wrath
 H - a +2 dire flail of protection
Missiles
 n - 4 datura-tipped darts (quivered)
 G - 6 javelins
Armour
 b - the +4 ring mail of Divine Intervention (worn) {rPois Str+4}
   (You found it in the Dungeon)

   Str:       It affects your strength (+4).
   rPois:     It protects you from poison.
 c - a +0 buckler
 m - the +1 pair of boots of Okawaru's Regard (worn) {Will+}
   (Okawaru gifted it to you in the Dungeon)

   Will:      It increases your willpower.
 u - a +0 pair of gloves (worn)
 y - a +1 hat (worn)
 D - a +1 cloak (worn)
 E - a +2 buckler of cold resistance (worn)
Jewellery
 w - an amulet of regeneration (around neck)
 x - a +6 ring of strength (right hand)
 A - a ring of protection from cold
 B - a ring of protection from fire (left hand)
Wands
 l - a wand of iceblast (8)
 F - a wand of flame (8)
Scrolls
 j - 2 scrolls of blinking
 k - 2 scrolls of amnesia
 q - 7 scrolls of enchant armour
 r - 2 scrolls of fear
 s - 2 scrolls of identify
Potions
 d - 3 potions of mutation
 e - 8 potions of curing
 h - 4 potions of magic
 o - a potion of brilliance
 z - a potion of attraction
Miscellaneous
 t - a lightning rod (4/4)


   Skills:
 + Level 25.0(27) Fighting
 + Level 24.4(27) Maces & Flails
 + Level 17.7(22.7) Armour
 + Level 15.0(20.0) Dodging
 + Level 4.1(9.1) Stealth
 + Level 20.2(25.2) Shields
 * Level 18.8 Invocations
 + Level 10.6 Evocations


You had 14 spell levels left.
You didn't know any spells.
Your spell library contained the following spells:

 Spells                   Type           Power      Damage    Failure   Level
 Slow                     Hex            0%         N/A       43%         1
 Confusing Touch          Hex            0%         N/A       80%         3
 Vampiric Draining        Necr           0%         2d6       80%         3


Dungeon Overview and Level Annotations

Branches:
Dungeon (1/1)

Altars:
Cheibriados
Dithmenos
Elyvilon
Fedhas
Gozag
Hepliaklqana
Kikubaaqudgha
Makhleb
Nemelex Xobeh
Okawaru
Qazlal
Ru
Sif Muna
Trog
Uskayaw
Vehumet
Wu Jian
Xom
Yredelemnul
Zin
The Shining One
Beogh
Jiyva
Lugonu

Shops:
D *=(*

Annotations:
D Jory


Innate Abilities, Weirdness & Mutations

You have a pair of horns on your head.
You reflexively headbutt those who attack you in melee.
You tend to lose your temper in combat.


Message History

Jory misses you.
You puncture Jory! Your headbutt misses Jory.
Jory is moderately damaged.
You bludgeon Jory!! Your headbutt misses Jory.
Jory is heavily damaged.
Jory completely misses you. You furiously retaliate!
You headbutt Jory, but do no damage. Jory bites you!
Jory draws strength from your injuries!
You sock Jory! Your headbutt misses Jory.
Jory is heavily damaged.
Jory casts a spell at you. The crystal spear hits you!!!
You puncture Jory! You headbutt Jory, but do no damage.
Jory is heavily damaged.
Jory hits you with a +4 vorpal battleaxe!
Jory bites you but does no damage.
You hit Jory but do no damage. You headbutt Jory, but do no damage.
Jory is heavily damaged.
You puncture Jory! You headbutt Jory, but do no damage.
Jory is heavily damaged.
Jory hits you with a +4 vorpal battleaxe!!!
* * * LOW HITPOINT WARNING * * *
x2 Jory bites you but does no damage.
Unknown command.
You feel much better.
Jory hits you with a +4 vorpal battleaxe!!
* * * LOW HITPOINT WARNING * * *
x2 Jory bites you but does no damage.
Unknown command.
Okay, then.
You hit Jory but do no damage. You headbutt Jory!
Jory is severely damaged.
Jory barely misses you. Jory bites you but does no damage.
You puncture Jory! Your headbutt misses Jory.
Jory is severely damaged.
You break out of your daze.
You bludgeon Jory!!
Jory is almost destroyed.
Jory hits you with a +4 vorpal battleaxe!!
You die...

.................................
♣♣♣♣▓▓▓▓▓▓▓▓▓▓▓▓▓▓▓▓▓▓▓▓▓▓▓▓▓▓▓▓▓
...)......).)'....).)))).........
♣♣♣♣▓▓▓▓▓▓▓▓▓▓▓▓▓▓▓▓▓▓▓▓▓▓▓▓▓▓▓▓▓
................)................
▓▓▓▓▓▓▓▓▓▓▓▓▓▓▓▓▓▓▓▓▓▓▓▓▓▓▓▓▓▓▓▓▓
....)...[.)[)..).....).))).))))).
▓▓▓▓▓▓▓▓▓▓▓▓▓▓▓▓▓▓▓▓▓▓▓▓▓▓▓▓▓▓▓▓▓
................@V......
▓▓▓▓▓▓▓▓▓▓▓▓▓▓▓▓▓▓▓▓▓▓▓▓


You could see Jory.

Vanquished Creatures
  An orb of fire (D)
  Mennas (D)
  Boris (D)
  Xtahua (D)
  2 Orb Guardians (D)
  Gastronok (D)
  2 sphinxes (D)
  A tengu reaver (D)
  A frost giant (D)
  2 fire giants (D)
  A vault warden (D)
  Aizul (D)
  2 ironbound preservers (D)
  A spriggan defender (D)
  A very ugly thing (D)
  A vampire knight (D)
  2 stone giants (D)
  A bunyip (D)
  A merfolk impaler (D)
  A fire dragon (D)
  A great orb of eyes (D)
  5 rakshasas (D)
  An eleionoma (D)
  Erolcha (D)
  A boulder beetle (D)
  4 ironbound thunderhulks (D)
  An ogre mage (D)
  5 hydras (D)
  3 ironbound frosthearts (D)
  2 ice dragons (D)
  An anaconda (D)
  2 centaur warriors (D)
  2 deep troll earth magi (D)
  A two-headed ogre (D)
  A deep troll shaman (D)
  3 orc high priests (D)
  3 tengu warriors (D)
  A naga sharpshooter (D)
  A shock serpent (D)
  A spriggan berserker (D)
  A swamp dragon (D)
  2 sea snakes (D)
  A flayed ghost (D)
  2 necromancers (D)
  A spriggan druid (D)
  A naga ritualist (D)
  3 bog bodies (D)
  A deep elf pyromancer (D)
  2 wizards (D)
  3 ironbound convokers (D)
  An orc knight (D)
  3 lindwurms (D)
  An orb spider (D)
  3 wolf spiders (D)
  3 manticores (D)
  4 orc sorcerers (D)
  A cyclops (D)
  Maurice (D)
  3 naga magi (D)
  3 black mambas (D)
  A torpor snail (D)
  4 cane toads (D)
  A water nymph (D)
  A gargoyle (D)
  3 rime drakes (D)
  A komodo dragon (D)
  A demonic crawler (D)
  2 wind drakes (D)
  A guardian mummy (D)
  4 polar bears (D)
  A merfolk (D)
  4 trolls (D)
  2 slime creatures (D)
  2 redbacks (D)
  2 wyverns (D)
  2 yaks (D)
  An acid dragon (D)
  A naga (D)
  4 water moccasins (D)
  An ice beast (D)
  9 orc warriors (D)
  4 black bears (D)
  A bullfrog (D)
  A gnoll sergeant (D)
  A scorpion (D)
  A hound (D)
  4 orc wizards (D)
  2 gnolls (D)
  16 orcs (D)
  A giant cockroach (D)
  A hobgoblin (D)
  A ball python (D)
  A bat (D)
187 creatures vanquished.

Vanquished Creatures (others)
  A howler monkey (D)
1 creature vanquished.

Grand Total: 188 creatures vanquished

Notes
Turn   | Place    | Note
-------+----------+-------------------------------------------
     0 | D        | mhtbhm the Minotaur Fighter began the quest for the Orb.
     0 | D        | Reached XP level 1. HP: 19/19 MP: 0/0
    10 | D        | Reached skill level 4 in Fighting
    10 | D        | Reached skill level 5 in Shields
    10 | D        | Reached XP level 2. HP: 23/28 MP: 1/1
    66 | D        | Noticed a water moccasin
    66 | D        | Noticed an ice beast
    66 | D        | Noticed a scorpion
    72 | D        | Reached skill level 5 in Fighting
    72 | D        | Killed a scorpion
    73 | D        | Reached skill level 6 in Fighting
    73 | D        | Reached XP level 3. HP: 36/38 MP: 2/2
    73 | D        | Reached XP level 4. HP: 43/45 MP: 3/3
    75 | D        | Killed an ice beast
    76 | D        | Reached skill level 8 in Fighting
    76 | D        | Reached skill level 5 in Maces & Flails
    76 | D        | Reached skill level 1 in Dodging
    76 | D        | Reached XP level 5. HP: 53/55 MP: 4/4
    83 | D        | Killed a water moccasin
    84 | D        | Reached skill level 9 in Fighting
    84 | D        | Reached XP level 6. HP: 43/63 MP: 5/5
    89 | D        | Found a snail-covered altar of Cheibriados.
    89 | D        | Found a shadowy altar of Dithmenos.
    89 | D        | Found a white marble altar of Elyvilon.
    89 | D        | Found a blossoming altar of Fedhas.
    89 | D        | Found an opulent altar of Gozag.
    90 | D        | Found a hazy altar of Hepliaklqana.
    91 | D        | Found a viscous altar of Jiyva.
    92 | D        | Found an ancient bone altar of Kikubaaqudgha.
    93 | D        | Found a corrupted altar of Lugonu.
    94 | D        | Found a burning altar of Makhleb.
    95 | D        | Found a sparkling altar of Nemelex Xobeh.
    96 | D        | Found an iron altar of Okawaru.
    97 | D        | Found a stormy altar of Qazlal.
    98 | D        | Found a sacrificial altar of Ru.
    99 | D        | Found a shimmering blue altar of Sif Muna.
   100 | D        | Found a bloodstained altar of Trog.
   101 | D        | Found a hide-covered altar of Uskayaw.
   102 | D        | Found a radiant altar of Vehumet.
   103 | D        | Found an ornate altar of the Wu Jian Council.
   104 | D        | Became a worshipper of Warmaster Okawaru
   105 | D        | Found a shimmering altar of Xom.
   106 | D        | Found a basalt altar of Yredelemnul.
   107 | D        | Found a glowing silver altar of Zin.
   108 | D        | Found a glowing golden altar of the Shining One.
   202 | D        | Noticed an acid dragon
   202 | D        | Noticed a yak
   202 | D        | Noticed a troll
   202 | D        | Noticed a two-headed ogre
   208 | D        | Killed a two-headed ogre
   208 | D        | Reached * piety under Okawaru
   209 | D        | Reached skill level 11 in Fighting
   209 | D        | Reached skill level 10 in Armour
   209 | D        | Reached skill level 10 in Shields
   209 | D        | Reached XP level 7. HP: 75/75 MP: 6/6
   213 | D        | Killed a troll
   214 | D        | Reached skill level 12 in Fighting
   214 | D        | Reached XP level 8. HP: 83/83 MP: 7/7
   223 | D        | Reached skill level 1 in Invocations
   423 | D        | Noticed a troll
   423 | D        | Noticed a manticore
   423 | D        | Noticed a troll
   423 | D        | Noticed a gargoyle
   423 | D        | Noticed a troll
   423 | D        | Noticed a slime creature
   427 | D        | Killed a slime creature
   428 | D        | Reached skill level 10 in Maces & Flails
   433 | D        | Killed a troll
   433 | D        | Reached ** piety under Okawaru
   434 | D        | Reached skill level 13 in Fighting
   434 | D        | Reached skill level 1 in Stealth
   445 | D        | Killed a gargoyle
   446 | D        | Reached XP level 9. HP: 63/93 MP: 7/11
   449 | D        | Killed a troll
   464 | D        | Killed a manticore
   464 | D        | Reached *** piety under Okawaru
   465 | D        | Reached skill level 5 in Dodging
   465 | D        | Reached skill level 5 in Invocations
   469 | D        | Killed a troll
   743 | D        | Noticed a rime drake
   743 | D        | Noticed a rime drake
   746 | D        | Noticed a komodo dragon
   747 | D        | Noticed a cane toad
   754 | D        | Killed a rime drake
   754 | D        | Reached **** piety under Okawaru
   754 | D        | Noticed a cane toad
   755 | D        | Reached skill level 14 in Fighting
   763 | D        | Killed a rime drake
   770 | D        | Killed a komodo dragon
   771 | D        | Reached skill level 1 in Evocations
   771 | D        | Reached XP level 10. HP: 88/104 MP: 14/14
   777 | D        | Killed a cane toad
   787 | D        | Killed a cane toad
   970 | D        | Noticed a cane toad
   970 | D        | Noticed a black mamba
   971 | D        | Noticed a six-headed hydra
   978 | D        | Noticed a cane toad
   981 | D        | Killed a black mamba
   981 | D        | Reached ***** piety under Okawaru
   982 | D        | Noticed a black mamba
   990 | D        | Killed a six-headed hydra
   991 | D        | Reached skill level 15 in Fighting
  1008 | D        | Killed a cane toad
  1009 | D        | Reached skill level 15 in Maces & Flails
  1017 | D        | Killed a cane toad
  1025 | D        | Killed a black mamba
  1358 | D        | Reached XP level 11. HP: 110/113 MP: 17/17
  1654 | D        | Noticed an orc sorcerer
  1661 | D        | Killed an orc sorcerer
  1661 | D        | Reached ****** piety under Okawaru
  1662 | D        | Noticed a stone giant
  1664 | D        | Reached skill level 10 in Invocations
  1664 | D        | Noticed an orc knight
  1679 | D        | Killed a stone giant
  1680 | D        | Reached skill level 16 in Fighting
  1697 | D        | Killed an orc knight
  1898 | D        | Found Zaahoxux's General Store.
  1898 | D        | Noticed an orc sorcerer
  1898 | D        | Noticed an orc high priest
  1899 | D        | Noticed an orc high priest
  1912 | D        | Found Koedemeb's Weapon Shop.
  1917 | D        | Killed an orc high priest
  1924 | D        | Killed an orc sorcerer
  1934 | D        | Killed an orc high priest
  1936 | D        | Found Talov's Jewellery Boutique.
  1940 | D        | Found Igac's General Store.
  1942 | D        | Noticed an orc sorcerer
  1943 | D        | Noticed an orc sorcerer
  1945 | D        | Noticed an orc high priest
  1948 | D        | Killed an orc sorcerer
  1949 | D        | Reached skill level 17 in Fighting
  1949 | D        | Reached skill level 15 in Armour
  1954 | D        | Killed an orc sorcerer
  1954 | D        | Received a gift from Okawaru
  1963 | D        | Killed an orc high priest
  2013 | D        | Bought a lightning rod (4/4) for 330 gold pieces
  2013 | D        | Bought a potion of haste for 110 gold pieces
  2013 | D        | Bought a scroll of fear for 38 gold pieces
  2013 | D        | Bought a scroll of enchant armour for 82 gold pieces
  2015 | D        | Bought an amulet of regeneration for 360 gold pieces
  2028 | D        | Bought a +6 ring of strength for 702 gold pieces
  2035 | D        | Bought 4 datura-tipped darts for 17 gold pieces
  2043 | D        | Bought a potion of attraction for 30 gold pieces
  2049 | D        | Bought a book of Debilitation for 220 gold pieces
  2174 | D        | Noticed Gastronok
  2189 | D        | Killed Gastronok
  2289 | D        | Got the +4 ring mail of Divine Intervention {rPois Str+4}
  2299 | D        | Upgraded the game from 0.28-a0-804-g60983d4ba9 to
                  | 0.28-a0-819-g6ef7baa362
  2319 | D        | Noticed a tengu warrior
  2319 | D        | Noticed a centaur warrior
  2319 | D        | Noticed a four-headed hydra
  2319 | D        | Noticed a six-headed hydra
  2319 | D        | Noticed an ogre mage
  2322 | D        | Killed an ogre mage
  2323 | D        | Reached XP level 12. HP: 95/127 MP: 18/20
  2336 | D        | Noticed a rakshasa
  2338 | D        | Killed a six-headed hydra
  2339 | D        | Reached skill level 18 in Fighting
  2339 | D        | Reached skill level 15 in Shields
  2340 | D        | Killed a four-headed hydra
  2341 | D        | Noticed a stone giant
  2342 | D        | Noticed an ice dragon
  2345 | D        | Killed a centaur warrior
  2347 | D        | Noticed a deep troll earth mage
  2351 | D        | Killed a tengu warrior
  2355 | D        | Killed a rakshasa
  2357 | D        | Noticed a deep troll shaman
  2359 | D        | Killed a stone giant
  2364 | D        | Killed an ice dragon
  2367 | D        | Reached skill level 19 in Fighting
  2368 | D        | Killed a deep troll earth mage
  2373 | D        | Killed a deep troll shaman
  2379 | D        | Received a gift from Okawaru
  2379 | D        | Noticed a tengu reaver
  2384 | D        | Killed a tengu reaver
  2606 | D        | Noticed Aizul
  2625 | D        | Killed Aizul
  2738 | D        | Noticed a boulder beetle
  2761 | D        | Reached skill level 20 in Fighting
  2777 | D        | Killed a boulder beetle
  2778 | D        | Reached XP level 13. HP: 109/139 MP: 22/22
  2803 | D        | Received a gift from Okawaru
  2813 | D        | Reached skill level 10 in Dodging
  2813 | D        | Reached skill level 5 in Evocations
  2910 | D        | Noticed a merfolk impaler
  2915 | D        | Reached skill level 21 in Fighting
  2921 | D        | Killed a merfolk impaler
  2958 | D        | Noticed a bunyip
  2958 | D        | Noticed an eleionoma
  2965 | D        | Reached skill level 15 in Invocations
  2966 | D        | Killed a bunyip
  2972 | D        | Killed an eleionoma
  3186 | D        | Noticed Maurice
  3187 | D        | Noticed Erolcha
  3197 | D        | Killed Maurice
  3202 | D        | Killed Erolcha
  3203 | D        | Reached skill level 22 in Fighting
  3256 | D        | Noticed a fire dragon
  3256 | D        | Noticed a vampire knight
  3256 | D        | Noticed a fire giant
  3262 | D        | Killed a fire giant
  3263 | D        | Noticed a frost giant
  3264 | D        | Killed a vampire knight
  3264 | D        | Received a gift from Okawaru
  3264 | D        | Noticed a fire giant
  3269 | D        | Killed a fire dragon
  3285 | D        | Killed a frost giant
  3285 | D        | Identified the +1 pair of boots of Okawaru's Regard {Will+}
                  | (Okawaru gifted it to you in the Dungeon)
  3285 | D        | Received a gift from Okawaru
  3291 | D        | Killed a fire giant
  3312 | D        | Reached XP level 14. HP: 116/155 MP: 20/25
  3316 | D        | Noticed a spriggan defender
  3320 | D        | Noticed a sphinx
  3327 | D        | Killed a spriggan defender
  3334 | D        | Killed a sphinx
  3409 | D        | Noticed a cyan very ugly thing
  3409 | D        | Noticed a vault warden
  3415 | D        | Killed a vault warden
  3416 | D        | Reached skill level 23 in Fighting
  3423 | D        | Killed a cyan very ugly thing
  3431 | D        | Noticed an ironbound preserver
  3457 | D        | Noticed an ironbound preserver
  3463 | D        | Killed an ironbound preserver
  3471 | D        | Killed an ironbound preserver
  3600 | D        | Received a gift from Okawaru
  3605 | D        | Noticed an Orb Guardian
  3605 | D        | Noticed an orb of fire
  3952 | D        | Gained mutation: You tend to lose your temper in combat.
                  | [an orb of fire]
  3965 | D        | Killed an orb of fire
  3966 | D        | Reached skill level 24 in Fighting
  3966 | D        | Reached skill level 10 in Evocations
  4020 | D        | Killed an Orb Guardian
  4049 | D        | Noticed Boris
  4050 | D        | Noticed an Orb Guardian
  4050 | D        | Noticed a sphinx
  4062 | D        | Killed a sphinx
  4074 | D        | Killed Boris
  4074 | D        | Identified the +7 morningstar of a Gauntlet {venom, rF++
                  | Int+4} (Okawaru gifted it to you in the Dungeon)
  4074 | D        | Received a gift from Okawaru
  4078 | D        | Killed an Orb Guardian
  4106 | D        | Reached XP level 15. HP: 128/168 MP: 24/27
  4199 | D        | Noticed Xtahua
  4212 | D        | Paralysed by Xtahua for 3 turns
  4216 | D        | Killed Xtahua
  4231 | D        | Noticed Mennas
  4256 | D        | Killed Mennas
  4257 | D        | Reached skill level 25 in Fighting
  4257 | D        | Reached skill level 15 in Dodging
  4582 | D        | Noticed Jory
  4598 | D        | Demolished by Jory

Illustrated notes

Levels and vault maps discovered:
D:        linesprint [early_d, line_temple, items_1, d_10, items_2, lair_1,
          lair_end, items_3, orc_1, orc_end, items_4, d_15, swamp_1, shoals_1,
          snake_1, spider_1, d_20, vaults_1, items_5, swamp_end, shoals_end,
          snake_end, spider_end, vaults_end, d_27, items_6, zot_1, zot_end,
          crypt_end, forest_end, elf_end, slime_end, tomb_end, abyss_end,
          pan_hell_end]

Skill      XL: |  1  2  3  4  5  6  7  8  9 10 11 12 13 14 15 |
---------------+----------------------------------------------+-----
Shields        | 5 6 7 8 10 11 12 13 14 16 17 19 20 | 20.2
Fighting       | 4 6 8 9 11 12 13 14 15 17 20 22 24 25 | 25.0
Armour         | 4 6 7 8 10 11 12 14 15 16 17 | 17.7
Maces & Flails | 4 5 6 8 9 11 13 15 18 20 21 24 | 24.4
Dodging        | 1 2 3 4 5 6 7 9 11 14 15 | 15.0
Invocations    | 4 7 9 12 13 16 18 | 18.8
Stealth        | 1 2 3 4 |  4.1
Evocations     | 1 4 8 10 | 10.6

Action                   |  1- 3 |  4- 6 |  7- 9 | 10-12 | 13-15 || total
-------------------------+-------+-------+-------+-------+-------++-------
Melee: Flail             |    13 |    15 |    61 |       |       ||    89
       Headbutt          |     3 |     4 |    23 |    74 |    94 ||   198
       Morningstar       |       |       |    26 |   326 |   285 ||   637
Invok: Heroism           |       |       |     1 |     3 |     4 ||     8
       Finesse           |       |       |       |       |     3 ||     3
Evoke: Wand              |       |       |     2 |       |       ||     2
       Lightning rod     |       |       |       |    11 |    30 ||    41
  Use: Potion            |     1 |     2 |     1 |     2 |     9 ||    15
       Scroll            |       |       |       |       |     4 ||     4
 Stab: Invisible         |       |       |     2 |       |       ||     2
       Sleeping          |       |       |       |     1 |       ||     1
Armor: Scale mail        |     5 |     1 |       |       |       ||     6
       Chain mail        |       |       |    26 |    61 |       ||    87
       Ring mail         |       |       |       |    29 |    87 ||   116
Dodge: Dodged            |     4 |    12 |    50 |   147 |    85 ||   298
Block: Buckler           |     2 |     5 |    22 |    78 |    73 ||   180

Table legend: (Time is in decaauts)
 A = Elapsed time spent in this place.
 B = Non-inter-level travel time spent in this place.
 C = Inter-level travel time spent in this place.
 D = Time resting spent in this place.
 E = Time spent auto-exploring this place.
 F = Levels seen in this place.
 G = Mean time per level.
                   A        B        C        D        E       F      G
               +--------+--------+--------+--------+--------+-----+--------+
         Total |   4395 |   4395 |      0 |   1947 |    814 |   1 | 4395.0 |
       Dungeon |   4395 |   4395 |      0 |   1947 |    814 |   1 | 4395.0 |
               +--------+--------+--------+--------+--------+-----+--------+

Top non-repeatable levels by time:
       D: 4395 daAuts
